 Dungeon Crawl Stone Soup version 0.26-a0-1205-g4083c211ab (webtiles) character file.

Game seed: 1540080788556791529

44 jestyr24 the Chiller (level 3, 0/20 HPs)
             Began as a Gargoyle Ice Elementalist on Dec 29, 2020.
             Slain by an iron imp (3 damage)
             ... summoned by Natasha
             ... on level 2 of the Dungeon.
             The game lasted 00:10:41 (1742 turns).

jestyr24 the Chiller (Gargoyle Ice Elementalist)    Turns: 1742, Time: 00:10:42

Health: 0/20       AC: 10    Str: 11    XL:     3   Next: 62%
Magic:  3/6        EV: 12    Int: 16    God:
Gold:   69         SH:  0    Dex: 10    Spells: 5/6 levels left

rFire    . . .     SeeInvis .   f - +0 club
rCold    . . .     Faith    .   (no shield)
rNeg     + . .     Spirit   .   a - +0 robe
rPois    ∞         Reflect  .   (no helmet)
rElec    +         Harm     .   (no cloak)
rCorr    +         Rampage  .   o - +0 pair of gloves
Will     .....                  (no boots)
Stlth    ++........             (no amulet)
HPRegen  0.06/turn              d - ring of resist corrosion
MPRegen  0.10/turn              k - +4 ring of protection

@: no status effects
A: negative energy resistance 1, electricity resistance, unbreathing,
petrification resistance, miasma immunity, AC +3
a: no special abilities


You were on level 2 of the Dungeon.
You visited 1 branch of the dungeon, and saw 2 of its levels.

You collected 69 gold pieces.

Inventory:

Hand Weapons
 b - a +0 short sword
 e - a +0 dagger
 f - a +0 club (weapon)
 i - a +0 hand axe
 s - a +0 hunting sling
Missiles
 j - 123 stones (quivered)
 q - 22 sling bullets
Armour
 a - a +0 robe (worn)
 g - a +2 ring mail of cold resistance
 o - a +0 pair of gloves (worn)
Jewellery
 d - a ring of resist corrosion (left hand)
 k - a +4 ring of protection (right hand)
Scrolls
 l - a scroll of enchant armour {unknown}
 m - a scroll of magic mapping {unknown}
 n - 2 scrolls of identify {unknown}
 p - a scroll of amnesia {unknown}
 w - a scroll of remove curse {unknown}
Potions
 c - a potion of invisibility {unknown}
 h - a potion of attraction {unknown}
 r - a potion of heal wounds {unknown}
 t - 3 potions of curing {unknown}
 u - a potion of magic {unknown}
 v - a potion of brilliance {unknown}


   Skills:
 * Level 1.0 Fighting
 * Level 1.0 Maces & Flails
 * Level 0.4 Armour
 - Level 1.7 Dodging
 * Level 2.4 Stealth
 + Level 2.2 Spellcasting
 + Level 4.5 Ice Magic


You had 5 spell levels left.
You knew the following spells:

 Your Spells              Type           Power        Failure   Level
a - Freeze                Ice            64%          3%          1

Your spell library contained the following spells:

 Spells                   Type           Power        Failure   Level
 Frozen Ramparts          Ice            32%          10%         3
 Ozocubu's Armour         Ice            16%          10%         3
 Hailstorm                Conj/Ice       9%           63%         4
 Summon Ice Beast         Ice/Summ       9%           63%         4


Dungeon Overview and Level Annotations

Branches:
Dungeon (2/15)

Altars:
Ru

Annotations:
D:2 Natasha


Innate Abilities, Weirdness & Mutations

You are resistant to torment.
Your stone body is resilient. (AC +3)
You are immune to poison.
You resist negative energy. (rN+)
You are resistant to electric shocks. (rElec)
You can survive without breathing.
You are immune to petrification.
You are immune to miasma.


Message History

Natasha is moderately wounded.
The shadow imp barely misses you. The iron imp closely misses you.
Natasha stares at you and mumbles some strange words.
The magic dart hits you.
You hit Natasha but do no damage.
Natasha is moderately wounded.
The shadow imp gestures at you. Pain shoots through your body!
* * * LOW HITPOINT WARNING * * *
The iron imp misses you. Natasha claws you but does no damage.
The shadow imp closely misses you.
You barely miss Natasha.
Natasha is moderately wounded.
The shadow imp disappears in a puff of smoke!
Natasha barely misses you. The iron imp closely misses you.
Natasha completely misses you.
You hit Natasha but do no damage.
Natasha is moderately wounded.
The shadow imp closely misses you. The iron imp hits you.
You die...

... ##.## #...#
### ._. ..# # ...
# #.# #.##.##.#
#.# #..5h5..# #.#
#.####@####.#.#
#...........#.#
######.######.####
... #.##[#).....#
.... #...........#
..#######
#####.......#
#.......#
##......#
#.......#
####.......#
#.......#
###.....######


You could see an iron imp (summoned), Natasha and a shadow imp (summoned).

Vanquished Creatures
  An adder (D:2)
  A leopard gecko (D:2)
  2 giant cockroaches (D:2)
  5 goblins
  4 hobgoblins
  5 jackals (D:2)
  3 kobolds (D:2)
  2 ball pythons (D:2)
  A frilled lizard (D:1)
  8 rats
32 creatures vanquished.

Notes
Turn   | Place    | Note
-------+----------+-------------------------------------------
     0 | D:1      | jestyr24 the Gargoyle Ice Elementalist began the quest for
                  | the Orb.
     0 | D:1      | Reached XP level 1. HP: 10/10 MP: 3/3
   926 | D:2      | Reached XP level 2. HP: 5/15 MP: 3/5
  1290 | D:2      | Reached XP level 3. HP: 15/20 MP: 1/6
  1430 | D:2      | Reached skill level 1 in Fighting
  1705 | D:2      | Reached skill level 1 in Maces & Flails
  1723 | D:2      | Found a sacrificial altar of Ru.
  1724 | D:2      | Noticed Natasha
  1742 | D:2      | Slain by an iron imp

Illustrated notes

Levels and vault maps discovered:
D:1:      evilmike_arrival_hilbert_curve, layout_basic
D:2:      layout_rooms, nicolae_ru_sacrificial_ziggurat, uniq_natasha

Skill      XL: |  1  2  3 |
---------------+----------+-----
Fighting       | 1 |  1.0
Maces & Flails | 1 |  1.0
Armour         | |  0.4
Dodging        | |  1.7
Stealth        | |  2.4
Spellcasting   | |  2.2
Ice Magic      | |  4.5

Action                   || total
-------------------------++-------
Melee: Club              ||    90
Throw: Stone             ||     5
 Cast: Freeze            ||    28
 Stab: Sleeping          ||     1
Armor: Robe              ||    54
Dodge: Dodged            ||    95

Table legend: (Time is in decaauts)
 A = Elapsed time spent in this place.
 B = Non-inter-level travel time spent in this place.
 C = Inter-level travel time spent in this place.
 D = Time resting spent in this place.
 E = Time spent auto-exploring this place.
 F = Levels seen in this place.
 G = Mean time per level.
                   A        B        C        D        E       F      G
               +--------+--------+--------+--------+--------+-----+--------+
         Total |   1765 |   1765 |      0 |    426 |    786 |   2 |  882.5 |
       Dungeon |   1765 |   1765 |      0 |    426 |    786 |   2 |  882.5 |
               +--------+--------+--------+--------+--------+-----+--------+

Top non-repeatable levels by time:
     D:1: 895 daAuts
     D:2: 870 daAuts
